 Dungeon Crawl Stone Soup version 0.19-a0-944-gb338e1e (webtiles) character file.

943 epen the Poker (level 8, -8/60 HPs)
             Began as a Merfolk Skald on July 8, 2016.
             Was an Initiate of Okawaru.
             Killed from afar by Blork the orc (13 damage)
             ... with a puff of flame
             ... on level 4 of the Dungeon.
             The game lasted 00:12:39 (6117 turns).

epen the Poker (Merfolk Skald)                      Turns: 6117, Time: 00:12:40

Health: -8/60      AC:  4    Str: 14    XL:     8   Next: 12%
Magic:  14/14      EV: 20    Int: 15    God:    Okawaru [......]
Gold:   168        SH:  0    Dex: 19    Spells: 4 memorised, 6 levels left

rFire  . . .     SeeInvis .     a - +0 spear
rCold  . . .     Gourm    .     B - +2 robe {rN+}
rNeg   + . .     Faith    .     (no shield)
rPois  .         Spirit   .     (no helmet)
rElec  .         Dismiss  .     (no cloak)
rCorr  .         Reflect  .     (no gloves)
SustAt .         Harm     .     (no boots)
MR     .....                    (no amulet)
Stlth  +++.......               (no ring)
                                o - +4 ring of intelligence

@: agile, not resistant to hostile enchantments, fairly stealthy
A: change form in water, swift swim
a: Renounce Religion


You were on level 4 of the Dungeon.
You worshipped Okawaru.
Okawaru was noncommittal.
You were not hungry.

You visited 2 branches of the dungeon, and saw 5 of its levels.
You also visited: Sewer.

You collected 168 gold pieces.

Inventory:

Hand Weapons
 a - a +0 spear (weapon)
Armour
 b - a +0 leather armour
 f - a +2 ring mail of fire resistance
 h - a +0 buckler
 B - a +2 robe of positive energy (worn)
Jewellery
 e - an uncursed ring of fire
 o - a +4 ring of intelligence (left hand)
Scrolls
 q - 3 scrolls of remove curse
 s - 2 scrolls of magic mapping {unknown}
 t - 6 scrolls of identify {unknown}
 y - a scroll of recharging {unknown}
Potions
 g - 2 potions of resistance
 i - a potion of cure mutation {unknown}
 p - 2 potions of agility
 v - a potion of might {unknown}
 w - 3 potions of flight {unknown}
 x - a potion of heal wounds {unknown}
 A - 3 potions of brilliance {unknown}
 D - a potion of berserk rage {unknown}
Books
 c - a book of Battle

   Spells                             Type                      Level
   a - Infusion                       Charms                       1
   b - Shroud of Golubria             Charms/Translocation         2
   c - Song of Slaying                Charms                       2
   d - Spectral Weapon                Hexes/Charms                 3
   e - Regeneration                   Charms/Necromancy            3
Comestibles
 d - 3 bread rations
 n - 2 meat rations
 r - 2 beef jerkies


   Skills:
 + Level 3.8 Fighting
 + Level 5.7 Polearms
 + Level 2.0 Armour
 + Level 4.1 Dodging
 * Level 4.4 Spellcasting
 * Level 2.4 Hexes
 + Level 5.4 Charms
 * Level 0.0 Invocations


You had 6 spell levels left.
You knew the following spells:

 Your Spells              Type           Power        Failure   Level  Hunger
a - Infusion              Chrm           ###.         1%          1    None
b - Song of Slaying       Chrm           ###.....     2%          2    ##.....
c - Spectral Weapon       Hex/Chrm       ###.....     12%         3    ###....
d - Regeneration          Chrm/Necr      ##........   21%         3    ###....


Dungeon Overview and Level Annotations

Branches:
Dungeon (4/15)             Temple (1/1) D:4

Altars:
Cheibriados
Elyvilon
Gozag
Hepliaklqana
Makhleb
Okawaru
Sif Muna
Uskayaw

Annotations:
D:4 Blork the orc


Message History

You barely miss something. The giant gecko misses you. Something hits you.
* * * LOW HITPOINT WARNING * * *
You closely miss something. The giant gecko misses you.
Something barely misses you.
Your spectral weapon fades away.
The giant gecko bites you.
* * * LOW HITPOINT WARNING * * *
The giant gecko hisses menacingly.
The giant gecko bites you but does no damage.
Something barely misses you.
You hear some strange, mumbled words.
A magic dart appears from out of thin air!
The magic dart hits you!
* * * LOW HITPOINT WARNING * * *
The giant gecko bites you but does no damage.
You feel agile all of a sudden.
You hear some strange, mumbled words.
A puff of flame appears from out of thin air!
The puff of flame hits you!
You die...

#....##...#.#####.#####
#.>..##...#.# #......
#....##...#.###########
##'#......#.#..........
#.#...####.#.#########
#..........#'#####....
####............##a...
####............##..o.
#....@..........##....
#...l{..........##....
#...............##...T
#...............##....
+............####
#...##########
#.......... #..........
#..........


You could see a giant gecko.

Vanquished Creatures
  Sigmund (D:3)
  An ice beast (D:3)
  The ghost of Fenrir042 the Digger, an amateur DrEE (D:4)
  4 big kobolds (Sewer)
  An iguana (D:4)
  Ijyb (D:2)
  11 adders
  3 river rats (Sewer)
  2 oozes
  3 worms
  5 dart slugs
  2 giant geckos
  An orc (D:3)
  7 bats
  6 giant cockroaches
  9 goblins
  18 hobgoblins
  5 jackals
  15 kobolds
  2 quokkas
  5 ball pythons
  11 giant newts
  31 rats
145 creatures vanquished.

Vanquished Creatures (others)
  2 spectral weapons (Sewer)
2 creatures vanquished.

Grand Total: 147 creatures vanquished

Notes
Turn   | Place    | Note
-------+----------+-------------------------------------------
     0 | D:1      | epen the Merfolk Skald began the quest for the Orb.
     0 | D:1      | Reached XP level 1. HP: 16/16 MP: 3/3
   174 | D:1      | Reached XP level 2. HP: 15/23 MP: 5/5
   578 | D:1      | Reached XP level 3. HP: 24/28 MP: 6/6
   952 | D:1      | Learned a level 2 spell: Song of Slaying
   956 | D:1      | Learned a level 3 spell: Spectral Weapon
  1426 | D:2      | Reached XP level 4. HP: 17/34 MP: 5/8
  1629 | D:2      | Reached skill level 1 in Armour
  2001 | D:2      | Found a hide-covered altar of Uskayaw.
  2077 | D:2      | Found a hazy altar of Hepliaklqana.
  2236 | D:2      | Noticed Ijyb
  2305 | D:2      | Killed Ijyb
  2305 | D:2      | Reached XP level 5. HP: 29/39 MP: 2/9
  2555 | D:2      | Learned a level 3 spell: Regeneration
  3005 | D:3      | Found a glowing drain.
  3013 | Sewer    | Entered a sewer
  3227 | Sewer    | Reached XP level 6. HP: 13/46 MP: 11/11
  3251 | Sewer    | HP: 1/46 [river rat (4)]
  3257 | Sewer    | HP: 1/46 [river rat (1)]
  3628 | Sewer    | Reached skill level 5 in Polearms
  3979 | Sewer    | Reached skill level 1 in Hexes
  3979 | Sewer    | Reached XP level 7. HP: 33/52 MP: 7/12
  4633 | D:3      | Reached skill level 5 in Charms
  4642 | D:3      | Noticed Sigmund
  4667 | D:3      | Killed Sigmund
  5441 | D:4      | Noticed Fenrir042's ghost (amateur DrEE)
  5519 | D:4      | Reached XP level 8. HP: 32/60 MP: 10/14
  5698 | D:4      | HP: 1/60 [Fenrir042's ghost/stone arrow (8)]
  5702 | D:4      | Killed Fenrir042's ghost
  5941 | D:4      | Found a staircase to the Ecumenical Temple.
  5952 | Temple   | Entered the Ecumenical Temple
  5995 | Temple   | Became a worshipper of Warmaster Okawaru
  6062 | D:4      | Noticed a troll
  6086 | D:4      | Noticed Blork the orc
  6117 | D:4      | Killed from afar by Blork the orc

Vault maps used:
D:1:      sevenhm_arrival_forest_fort_large_2
D:2:      lemuel_round_altar, nicolae_overflow_hidden_temple, uniq_iyjb
D:3:      lightli_sewer_entry_pipes, first_bread, minmay_lizard_king,
          uniq_sigmund
D:4:      minitemple, uniq_menkaure, uniq_blork_the_orc, uniq_eustachio
Temple:   dpeg_three_leaves_temple
Sewer:    sewer_minmay_treatment

Skill      XL: |  1  2  3  4  5  6  7  8 |
---------------+-------------------------+-----
Dodging        | 2 3 4 |  4.1
Armour         | 1 2 |  2.0
Polearms       | 4 5 |  5.7
Spellcasting   | 3 4 |  4.4
Charms         | 4 5 |  5.4
Fighting       | 3 |  3.8
Hexes          | 1 2 |  2.4

Action                   |  1- 3 |  4- 6 |  7- 9 || total
-------------------------+-------+-------+-------++-------
Melee: Spear             |   172 |   364 |   167 ||   703
       Unarmed           |       |    12 |       ||    12
       Tailslap          |       |    11 |     1 ||    12
       Scythe            |       |       |     2 ||     2
 Cast: Infusion          |     1 |     4 |       ||     5
       Spectral Weapon   |       |    10 |     7 ||    17
       Song of Slaying   |       |     2 |     1 ||     3
  Use: Potion            |       |     6 |     3 ||     9
       Scroll            |       |       |     8 ||     8
 Stab: Sleeping          |     1 |       |     2 ||     3
       Distracted        |       |     3 |       ||     3
  Eat: Chunk             |     2 |    10 |     8 ||    20
Armor: Leather armour    |    34 |    52 |     3 ||    89
       Skin              |       |    19 |       ||    19
       Robe              |       |       |    15 ||    15
Dodge: Dodged            |    71 |   169 |    85 ||   325
